 Dungeon Crawl Stone Soup version 0.29.0-13-gc9e81de378 (webtiles) character file.

Game seed: 13630529177889863771

234666 sleeves the Imperceptible (level 20, 0/117 HPs)
             Began as a Kobold Brigand on Sept 10, 2022.
             Was an Initiate of Gozag.
             Slain by a war gargoyle
             ... wielding a +1 flail of venom
             ... led by a peacekeeper
              (26 damage)
             ... on level 1 of the Vaults.
             The game lasted 02:41:15 (70239 turns).

sleeves the Imperceptible (Kobold Brigand)         Turns: 70239, Time: 02:41:15

Health: 0/117      AC: 17    Str: 15    XL:     20   Next: 39%
Magic:  34/34      EV: 20    Int: 22    God:    Gozag
Gold:   7645       SH: 13    Dex: 19    Spells: 16/39 levels left

rFire   + + +      SeeInvis .   a - +2 dagger (venom)
rCold   + + .      Faith    .   h - +1 kite shield {rC+}
rNeg    . . .      Spirit   .   M - +2 robe {Will+}
rPois   +          Reflect  .   C - +1 helmet {Int+3}
rElec   +          Harm     .   b - +2 cloak {Will+}
rCorr   .          Rampage  +   D - +0 pair of gloves {Str+3}
Will    +++..                   Q - +0 pair of boots of the Eagle {rF+}
Stlth   +++++++++.              z - amulet of the Thistle {RegenMP Rampage *Corrode rF+ rC+}
HPRegen 0.29/turn               u - +4 ring of protection
MPRegen 0.64/turn               G - ring "Riculegru" {Fly rElec rPois rF+ Str+4}

@: lethally poisoned (0 -> -4), about to teleport, flying
A: small, no large weapons, nightstalker 3
}: 1/15 runes: decaying
a: Renounce Religion, Potion Petition, Call Merchant, Bribe Branch


You were on level 1 of the Vaults.
You worshipped Gozag.
Gozag was greatly pleased with you.
You visited 7 branches of the dungeon, and saw 33 of its levels.
You also visited: Ice Cave and Desolation.

You collected 13060 gold pieces.
You spent 2575 gold pieces at shops.
You paid 2840 gold pieces to Gozag.

Inventory:

Hand Weapons
 a - a +2 dagger of venom (weapon)
   (You took it off a goblin on level 3 of the Dungeon)
 w - the +6 dagger of Change {freeze, *Noise rF+ rN++ Dex+3}
   (You found it in the Desolation of Salt)

   It freezes those it strikes, dealing additional cold damage.
   It can also slow down cold-blooded creatures.
   Dex:       It affects your dexterity (+3).
   rF:        It protects you from fire.
   rN:        It greatly protects you from negative energy.
   *Noise:    It may make noises in combat.
 F - a +4 quick blade of chaos
   (You acquired it on level 14 of the Dungeon)
Missiles
 n - 6 throwing nets
 S - 5 atropa-tipped darts
Armour
 b - a +2 cloak of willpower (worn)
   (You bought it in a shop on level 15 of the Dungeon)
 h - a +1 kite shield of cold resistance (worn)
   (You found it in an ice cave)
 m - the +0 helmet "Mosorcha" {Str+9 Dex-2}
   (You found it in the Desolation of Salt)

   Str:       It affects your strength (+9).
   Dex:       It affects your dexterity (-2).
 C - a +1 helmet of intelligence (worn)
   (You bought it in a shop on level 2 of the Orcish Mines)
 D - a +0 pair of gloves of strength (worn)
   (You bought it in a shop on level 4 of the Snake Pit)
 M - a +2 robe of willpower (worn)
   (You took it off an orc sorcerer on level 12 of the Dungeon)
 Q - the +0 pair of boots of the Eagle (worn) {rF+}
   (You found it on level 11 of the Dungeon)

   rF:        It protects you from fire.
 W - the +5 ring mail "Attunoas" {Str+2}
   (You found it on level 1 of the Vaults)

   Str:       It affects your strength (+2).
Jewellery
 u - a +4 ring of protection (left hand)
   (You took it off a wight on level 7 of the Dungeon)
 y - a ring of resist corrosion
   (You found it on level 5 of the Dungeon)
 z - the amulet of the Thistle (around neck) {RegenMP Rampage *Corrode rF+ rC+}
   (You bought it in a shop on level 4 of the Snake Pit)

   [amulet of magic regeneration]

   It increases your rate of magic regeneration.
   rF:        It protects you from fire.
   rC:        It protects you from cold.
   *Corrode:  It may corrode you when you take damage.
   Rampage:   It bestows one free step when moving towards enemies.
 G - the ring "Riculegru" (right hand) {Fly rElec rPois rF+ Str+4}
   (You found it in an ice cave)

   [ring of flight]

   Str:       It affects your strength (+4).
   rF:        It protects you from fire.
   rElec:     It insulates you from electricity.
   rPois:     It protects you from poison.
   Fly:       It grants you flight.
 R - the ring of Liusow {rC+ Will+}
   (You found it in the Desolation of Salt)

   [ring of willpower]

   rC:        It protects you from cold.
   Will:      It increases your willpower.
 Y - the ring "Opseuf" {Int+6 Dex+2}
   (You found it in the Desolation of Salt)

   [ring of intelligence]

   Int:       It affects your intelligence (+6).
   Dex:       It affects your dexterity (+2).
Wands
 c - a wand of roots (16)
   (You found it on level 1 of the Snake Pit)
 d - a wand of mindburst (4)
   (You found it on level 2 of the Swamp)
 N - a wand of digging (20)
   (You found it on level 10 of the Dungeon)
 P - a wand of paralysis (13)
   (You found it on level 11 of the Dungeon)
 V - a wand of light (5)
   (You found it on level 4 of the Swamp)
Scrolls
 f - 5 scrolls of enchant armour
 j - 18 scrolls of teleportation
 k - 4 scrolls of blinking
 r - 4 scrolls of torment
 t - a scroll of summoning
 x - 6 scrolls of amnesia
 E - 6 scrolls of magic mapping
 I - 2 scrolls of immolation
 J - a scroll of fear
 L - 7 scrolls of fog
 O - 3 scrolls of enchant weapon
 T - a scroll of silence
Potions
 g - 3 potions of magic
 i - 2 potions of ambrosia
 l - 5 potions of mutation
 o - 8 potions of brilliance
 p - 2 potions of cancellation
 s - 3 potions of might
 v - 17 potions of curing
 A - 2 potions of resistance
 B - 3 potions of berserk rage
 H - 8 potions of heal wounds
 K - 5 potions of haste
 U - 4 potions of invisibility
Miscellaneous
 e - a phantom mirror
   (You found it in the Desolation of Salt)
 q - a tin of tremorstones (2/2)
   (You found it on level 1 of the Snake Pit)
 X - a lightning rod (4/4)
   (You found it on level 15 of the Dungeon)
 Z - a box of beasts
   (You found it on level 4 of the Snake Pit)


   Skills:
 - Level 10.0 Fighting
 - Level 10.0 Short Blades
 - Level 2.1 Throwing
 + Level 8.9 Armour
 - Level 11.2 Dodging
 - Level 21.2 Stealth
 + Level 7.0 Shields
 - Level 10.0 Spellcasting
 + Level 15.0 Conjurations
 - Level 5.0 Translocations
 + Level 15.0 Earth Magic
 + Level 12.1 Evocations


You had 16 spell levels left.
You knew the following spells:

 Your Spells              Type           Power      Damage    Failure   Level
a - Stone Arrow           Conj/Erth      100%       3d13      1%          3
b - Passwall              Tmut/Erth      36%        N/A       1%          2
c - Iskenderun's Battles  Conj           67%        2d12      1%          5
d - Iron Shot             Conj/Erth      33%        9d7       8%          6
e - Lee's Rapid Deconstr  Erth           33%        3d18*     1%          5
f - Blink                 Tloc           66%        N/A       4%          2

Your spell library contained the following spells:

 Spells                   Type           Power      Damage    Failure   Level
 Magic Dart               Conj           100%       1d8       1%          1
 Sandblast                Erth           100%       2d20      1%          1
 Searing Ray              Conj           100%       2d8       1%          2
 Static Discharge         Conj/Air       44%        3-9/arc   1%          2
 Apportation              Tloc           66%        N/A       3%          1
 Dazzling Flash           Conj/Hex       88%        N/A       3%          3
 Iskenderun's Mystic Bla  Conj/Tloc      53%        2d11      3%          4
 Gell's Gravitas          Tloc           33%        N/A       9%          3
 Teleport Other           Tloc           33%        N/A       9%          3
 Animate Armour           Summ/Erth      88%        N/A       11%         4
 Flame Wave               Conj/Fire      44%        2d11      11%         4
 Fulminant Prism          Conj/Hex       22%        3d13      11%         4
 Hailstorm                Conj/Ice       44%        3d10      11%         4
 Leda's Liquefaction      Hex/Erth       22%        N/A       11%         4
 Sticky Flame             Conj/Fire      44%        2d6       11%         4
 Freeze                   Ice            44%        1d6       24%         1
 Necrotise                Necr           44%        1d6       24%         1
 Summon Small Mammal      Summ           44%        N/A       24%         1
 Passage of Golubria      Tloc           33%        N/A       30%         4
 Fireball                 Conj/Fire      22%        3d10      30%         5
 Irradiate                Conj/Tmut      22%        3d19      30%         5
 Sublimation of Blood     Necr           11%        N/A       34%         2
 Wereblood                Tmut           11%        N/A       34%         2
 Orb of Destruction       Conj           33%        9d10      38%         7
 Frozen Ramparts          Ice            22%        1d4       56%         3
 Ozocubu's Armour         Ice            11%        N/A       56%         3
 Freezing Cloud           Conj/Ice/Air   16%        6-21      63%         5
 Manifold Assault         Tloc           33%        N/A       63%         5
 Conjure Ball Lightning   Conj/Air       22%        3x3d6     86%         6
 Starburst                Conj/Fire      22%        6d7       86%         6
 Statue Form              Tmut/Erth      29%        N/A       86%         6
 Dispel Undead            Necr           11%        3d9       93%         4
 Summon Forest            Summ/Tloc      11%        N/A       93%         5
 Lehudib's Crystal Spear  Conj/Erth      33%        10d9      97%         8
 Dispersal                Tloc           16%        N/A       99%         6
 Agony                    Necr           11%        N/A       100%        5
 Alistair's Intoxication  Tmut/Pois      7%         N/A       100%        5
 Blade Hands              Tmut           5%         N/A       100%        5
 Silence                  Hex/Air        5%         N/A       100%        5
 Summon Mana Viper        Hex/Summ       11%        N/A       100%        5
 Yara's Violent Unravell  Hex/Tmut       5%         3d4       100%        5
 Death Channel            Necr           5%         N/A       100%        6
 Summon Cactus Giant      Summ           5%         N/A       100%        6
 Ozocubu's Refrigeration  Ice            5%         4d8       100%        7
 Storm Form               Tmut/Air       5%         N/A       100%        7
 Summon Hydra             Summ           5%         N/A       100%        7
 Chain Lightning          Conj/Air       22%        3d29      100%        9
 Polar Vortex             Ice            5%         N/A       100%        9
 Corpse Rot               Necr/Pois/Air  Unusable   N/A       N/A         4
 Simulacrum               Ice/Necr       Unusable   N/A       N/A         6

Dungeon Overview and Level Annotations

Branches:
Dungeon (15/15)            Temple (1/1) D:7            Lair (5/5) D:10
  Swamp (4/4) Lair:2        Snake (4/4) Lair:3        Slime (0/5) Lair:4
    Orc (2/2) D:12            Elf (0/3) Orc:2        Vaults (2/5) D:13
 Depths (0/4) D:15          IceCv (visited)         Desolation (visited)
  Crypt: Vaults:2-3

Altars:
Ashenzari
Cheibriados
Dithmenos
Elyvilon
Fedhas
Gozag
Hepliaklqana
Kikubaaqudgha
Makhleb
Nemelex Xobeh
Okawaru
Qazlal
Ru
Sif Muna
Trog
Uskayaw
Vehumet
Wu Jian
Xom
Yredelemnul
Zin
The Shining One
Jiyva

Shops:
D:10 :[(:   D:15 [   Orc:2 !([=   Snake:3 ?   Snake:4 **[*

Portals:
Trove: D:13 (give +3 ice dragon scales)

Annotations:
D:3 Itachiuchiha's ghost, amateur DsIE
D:4 3 runed translucent doors
D:10 2 transporters
D:12 exclusion: door
Swamp:1 Josephine
Orc:2 Saint Roka
Vaults:1 3 runed translucent doors, Tang's ghost, master DsGl


Innate Abilities, Weirdness & Mutations

You are small and have problems with some larger weapons.
You are completely attuned to the shadows.


Message History

The ragged hierophant gestures at you while chanting.
A blast of power from the earth strikes you!
The stone arrow hits the ragged hierophant!!
The ragged hierophant is lightly wounded.
Your battlesphere fires!
The barrage of energy hits the ragged hierophant!!
The ragged hierophant is moderately wounded.
The stone arrow hits the ragged hierophant!
The ragged hierophant is moderately wounded.
Your battlesphere fires!
The barrage of energy hits the ragged hierophant!
The ragged hierophant is heavily wounded.
You miscast Stone Arrow.
You are very lightly contaminated with residual magic.
Nothing appears to happen.
The ragged hierophant points at you and mumbles some strange words.
A blast of power from the earth strikes you!
The stone arrow misses the ragged hierophant.
Your battlesphere fires!
The barrage of energy hits the ragged hierophant!!
The ragged hierophant is severely wounded.
The ragged hierophant casts a spell at you.
A blast of power from the earth strikes you!
The stone arrow hits the ragged hierophant!!
The ragged hierophant is severely wounded.
Your battlesphere fires!
The barrage of energy hits the ragged hierophant!
The ragged hierophant is almost dead.
The stone arrow hits the ragged hierophant.
The ragged hierophant is almost dead.
Your battlesphere fires!
The barrage of energy hits the ragged hierophant.
The ragged hierophant is almost dead.
Your battlesphere expends the last of its energy and dissipates.
The ragged hierophant barely misses you.
The stone arrow hits the ragged hierophant!!
You kill the ragged hierophant!
Your magical contamination has completely faded away.
A saltling is nearby!
A saltling is nearby!
A saltling is nearby!
The stone arrow hits the saltling.
The saltling is lightly damaged.
The stone arrow hits the saltling!
The saltling is severely damaged.
The stone arrow misses the saltling.
The stone arrow hits the saltling.
You destroy the saltling!
You now have 7424 gold pieces (gained 6).
Things that are here:
a +0 long sword; a +0 robe You now have 7427 gold pieces (gained 3).
A saltling comes into view.
A saltling is nearby!
A saltling is nearby!
The stone arrow hits the saltling!
The saltling is severely damaged.
The stone arrow hits the saltling!!
You destroy the saltling!
You can't see any susceptible monsters within range! (Use Z to cast anyway.)
You now have 7432 gold pieces (gained 5).
A saltling comes into view.
A saltling is nearby!
A saltling is nearby!
A saltling is nearby!
The stone arrow hits the saltling but does no damage.
The stone arrow hits the saltling!
The saltling is heavily damaged.
The saltling completely misses you.
The stone arrow hits the saltling!
You destroy the saltling!
You can't see any susceptible monsters within range! (Use Z to cast anyway.)
A saltling comes into view.
A saltling is nearby!
A saltling is nearby!
A saltling is nearby!
The stone arrow hits the saltling!
The saltling is heavily damaged.
The stone arrow hits the saltling!!
You destroy the saltling!
You can't see any susceptible monsters within range! (Use Z to cast anyway.)
You can't see any susceptible monsters within range! (Use Z to cast anyway.)
You can't see any susceptible monsters within range! (Use Z to cast anyway.)
You now have 7439 gold pieces (gained 7).
You now have 7447 gold pieces (gained 8).
Key pressed, stopping explore.
A saltling comes into view.
A saltling is nearby!
A saltling is nearby!
The stone arrow hits the saltling!
The saltling is severely damaged.
The stone arrow hits the saltling!
The saltling is almost destroyed.
You block the saltling's attack.
The stone arrow hits the saltling!
You destroy the saltling!
You can't see any susceptible monsters within range! (Use Z to cast anyway.)
A ragged hierophant comes into view. It is wielding a +0 whip.
You now have 7453 gold pieces (gained 6).
A ragged hierophant is nearby!
A ragged hierophant is nearby!
A ragged hierophant is nearby!
Casting: Stone Arrow (safe; 1% risk of failure)
Confirm with . or Enter, or press ? or * to list all spells.
You conjure a globe of magical energy.
The ragged hierophant shouts!
The ragged hierophant points at you and mumbles some strange words.
A blast of power from the earth strikes you!
Casting: Iskenderun's Battlesphere (dangerous; 1% risk of failure)
Confirm with . or Enter, or press ? or * to list all spells.
You don't know that spell.
The stone arrow hits the ragged hierophant!
The ragged hierophant is lightly wounded.
The ragged hierophant points at you and mumbles some strange words.
A blast of power from the earth strikes you!
The stone arrow hits the ragged hierophant!
The ragged hierophant is lightly wounded.
Your battlesphere fires!
The barrage of energy hits the ragged hierophant.
The ragged hierophant is moderately wounded.
The stone arrow hits the ragged hierophant!!
The ragged hierophant is heavily wounded.
Your battlesphere fires!
The barrage of energy hits the ragged hierophant.
The ragged hierophant is heavily wounded.
The ragged hierophant hits you with a +0 whip.
The stone arrow hits the ragged hierophant!!
The ragged hierophant is severely wounded.
Your battlesphere fires!
The barrage of energy hits the ragged hierophant.
The ragged hierophant is severely wounded.
You block the ragged hierophant's attack.
The stone arrow hits the ragged hierophant!
The ragged hierophant is almost dead.
Your battlesphere fires!
The barrage of energy hits the ragged hierophant!!
You kill the ragged hierophant!
Your battlesphere expends the last of its energy and dissipates.
You can't see any susceptible monsters within range! (Use Z to cast anyway.)
A molten gargoyle comes into view. It is wielding a +0 morningstar.
A molten gargoyle is nearby!
A molten gargoyle is nearby!
Casting: Stone Arrow (safe; 1% risk of failure)
Confirm with . or Enter, or press ? or * to list all spells.
Aiming: Iron Shot (dangerous; 9% risk of failure)
Press: ? - help, Shift-Dir - straight line, f - molten gargoyle
Aim: a molten gargoyle, wielding a +0 morningstar (wandering, hasn't noticed you, 84% to hit)
The iron shot hits the molten gargoyle!!
You destroy the molten gargoyle!
Casting: Iron Shot (dangerous; 9% risk of failure)
Confirm with . or Enter, or press ? or * to list all spells.
You can't see any susceptible monsters within range! (Use Z to cast anyway.) Unknown command.
You now have 7459 gold pieces (gained 6).
Things that are here:
a +0 whip; a +0 robe You now have 7466 gold pieces (gained 7).
You see here a +0 morningstar.
A servant of whispers comes into view. It is wielding a +0 club.
A servant of whispers is nearby!
A servant of whispers is nearby!
You block the servant of whispers's attack.
You hit the servant of whispers.
The servant of whispers is lightly wounded.
The servant of whispers barely misses you.
Casting: Iron Shot (dangerous; 9% risk of failure)
Confirm with . or Enter, or press ? or * to list all spells.
You conjure a globe of magical energy.
The servant of whispers utters an invocation to its god.
The air becomes perfectly still.
A saltling comes into view.
The stone arrow hits the servant of whispers!
The servant of whispers is moderately wounded.
Your battlesphere fires!
The barrage of energy hits the servant of whispers!
The servant of whispers is moderately wounded.
The servant of whispers hits you but does no damage.
The stone arrow hits the servant of whispers!!
The servant of whispers is severely wounded.
Your battlesphere fires!
The barrage of energy hits the servant of whispers.
The servant of whispers is severely wounded.
The servant of whispers mumbles some strange prayers to its god against you.
The bolt of lightning hits you. You resist.
The stone arrow hits the servant of whispers!
The servant of whispers is almost dead.
Your battlesphere fires!
The barrage of energy hits the saltling but does no damage.
You block the servant of whispers's attack.
The saltling hits you.
The stone arrow hits the servant of whispers!
The air resumes its normal movements.
You kill the servant of whispers!
Your battlesphere fires!
The barrage of energy hits the saltling!
The saltling is heavily damaged.
You block the saltling's attack.
The stone arrow hits the saltling!!
You destroy the saltling!
You can't see any susceptible monsters within range! (Use Z to cast anyway.)
You now have 7472 gold pieces (gained 6).
You now have 7481 gold pieces (gained 9).
Things that are here:
a +0 club; a +0 robe A saltling comes into view.
A saltling is nearby!
A saltling is nearby!
The stone arrow hits the saltling!
The saltling is moderately damaged.
The stone arrow hits the saltling!
The saltling is severely damaged.
The stone arrow hits the saltling!!
You destroy the saltling!
Your battlesphere wavers and loses cohesion.
You now have 7484 gold pieces (gained 3).
Key pressed, stopping explore.
Key pressed, stopping explore.
A saltling comes into view.
The stone arrow hits the saltling!
The saltling is heavily damaged.
The stone arrow hits the saltling!!
You destroy the saltling!
You can't see any susceptible monsters within range! (Use Z to cast anyway.)
There is an empty arch of ancient stone here.
You now have 7488 gold pieces (gained 4).
Done exploring.
Done exploring.
Done exploring.
Done exploring.
There is an empty arch of ancient stone here.
There is a gate leading back out of this place here.
Welcome back to the Vaults!
There is a collapsed entrance here.
A peacekeeper comes into view.
A peacekeeper is nearby!
A peacekeeper is nearby!
The helpless peacekeeper fails to defend itself.
You skewer the peacekeeper like a kebab!!!!!
You destroy the peacekeeper!
You now have 7494 gold pieces (gained 6).
There is a huge open gate here.
There is an open door here.
You reach down and open the door.
There is an open door here.
A great orb of eyes comes into view.
A great orb of eyes is nearby!
A great orb of eyes is nearby!
You rampage towards the great orb of eyes!
You rampage towards the great orb of eyes!
The helpless great orb of eyes fails to defend itself.
You skewer the great orb of eyes like a kebab!!!!!
You kill the great orb of eyes!
No target in view!
You now have 7508 gold pieces (gained 14).
There is an open door here.
You reach down and open the door.
An ironbound convoker comes into view. It is wielding a +0 great mace.
There is an open door here.
An ironbound convoker is nearby!
An ironbound convoker is nearby!
The ironbound convoker shouts!
You block the ironbound convoker's attack.
You hit the ironbound convoker.
The ironbound convoker is poisoned.
The ironbound convoker is lightly wounded.
The ironbound convoker begins to recite a word of recall!
The stone arrow misses the ironbound convoker.
The stone arrow hits the ironbound convoker!!
The ironbound convoker is heavily wounded.
The stone arrow hits the ironbound convoker!
The ironbound convoker is almost dead.
The deep troll is recalled.
The vault sentinel is recalled.
The ironbound preserver is recalled.
The deep troll is recalled.
You block the deep troll's attack. The deep troll completely misses you.
The deep troll claws you.
An ironbound preserver comes into view. It is wielding a +0 great mace.
The deep troll is distracted by your dazzling golden aura.
The vault sentinel barely misses you.
The ironbound convoker barely misses you.
A deep troll comes into view.
The deep troll shouts!
A vault sentinel and a deep troll come into view.
Casting: Stone Arrow (safe; 1% risk of failure)
Confirm with . or Enter, or press ? or * to list all spells.
You blink.
The ironbound preserver completely misses you.
The ironbound convoker casts a spell at the deep troll.
The deep troll seems to grow stronger.
The vault sentinel blows a loud note on a signal horn!
You hear a shout! x6
Casting: Blink (safe; 4% risk of failure)
Confirm with . or Enter, or press ? or * to list all spells.
You conjure a globe of magical energy.
The deep troll is no longer distracted by gold.
The ironbound convoker casts a spell at the vault sentinel.
The vault sentinel seems to grow stronger.
The vault sentinel blows a loud note on a signal horn!
You hear a roar!
You hear a shout! x6
Casting: Iskenderun's Battlesphere (dangerous; 1% risk of failure)
Confirm with . or Enter, or press ? or * to list all spells.
Aiming: Iron Shot (dangerous; 9% risk of failure)
Press: ? - help, Shift-Dir - straight line, f/p - ironbound convoker
Aim: an ironbound convoker, wielding a +0 great mace and wearing a +0 ring mail (almost dead, poisoned, catching its breath, 77% to hit)
The iron shot hits the ironbound preserver!!!
The ironbound preserver is heavily wounded.
You feel stable enough to blink again.
Your battlesphere fires!
The barrage of energy hits the ironbound preserver.
The ironbound preserver is heavily wounded.
The ironbound convoker gestures at the deep troll while chanting.
The deep troll seems to grow stronger.
The stone arrow hits the ironbound preserver!
The ironbound preserver is severely wounded.
The ironbound convoker looks more healthy.
Your battlesphere fires!
The barrage of energy hits the ironbound convoker!
You kill the ironbound convoker!
The stone arrow hits the ironbound preserver!
The ironbound preserver is severely wounded.
Your battlesphere fires!
The barrage of energy hits the vault sentinel!
The vault sentinel is lightly wounded.
The ironbound preserver casts a spell.
The ironbound preserver begins to accept its allies' injuries.
The deep troll barely misses you. The deep troll claws you!!
You block the deep troll's attack.
The stone arrow hits the ironbound preserver!!
The ironbound preserver is almost dead.
Your battlesphere fires!
The barrage of energy hits the vault sentinel!
The vault sentinel is moderately wounded.
The ironbound preserver hits you with a +0 great mace!
The deep troll completely misses you. The deep troll misses you. x2
The ironbound preserver mumbles some strange words.
The ironbound preserver is healed somewhat.
The vault sentinel blows a loud note on a signal horn!
You hear a roar!
You hear a shout! x2
The deep troll attacks as you move away!
The deep troll closely misses you. The deep troll claws you.
The deep troll misses you.
The ironbound preserver mumbles some strange words.
The ironbound preserver is healed somewhat.
There is an open door here.
The ironbound preserver hits something with a +0 great mace!!
The deep troll attacks as you move away!
The deep troll bites you! The deep troll completely misses you.
The deep troll misses you.
There is an open door here.
Casting: Stone Arrow (safe; 1% risk of failure)
Confirm with . or Enter, or press ? or * to list all spells.
You conjure a globe of magical energy.
The ironbound preserver mumbles some strange words.
The ironbound preserver begins to accept its allies' injuries.
The deep troll bites you but does no damage.
The deep troll claws you but does no damage.
The deep troll closely misses you.
Casting: Iskenderun's Battlesphere (dangerous; 1% risk of failure)
Confirm with . or Enter, or press ? or * to list all spells.
Aiming: Iron Shot (dangerous; 9% risk of failure)
Press: ? - help, Shift-Dir - straight line, f/p - ironbound preserver
Aim: an ironbound preserver, wielding a +0 great mace and wearing a +0 leather armour (severely wounded, 88% to hit)
The iron shot hits the deep troll!!
The deep troll is moderately wounded.
* * * LOW MAGIC WARNING * * *
Your battlesphere fires!
The barrage of energy hits the deep troll!
The deep troll is moderately wounded.
The ironbound preserver mumbles some strange words.
The ironbound preserver is healed somewhat.
You block the deep troll's attack. The deep troll claws you!!
* * * LOW HITPOINT WARNING * * *
The deep troll misses you.
You swap places.
The deep troll bites your battlesphere!
The deep troll claws your battlesphere!!
Your battlesphere is destroyed!
The deep troll no longer looks unusually strong.
There is an open door here.
There is an open door here.
There is a stone staircase leading up here.
You fly upwards.
Level annotation: 3 runed translucent doors, Tang's ghost, master DsGl
There is a stone staircase leading down here.
You start resting.
Magic restored.
You start resting.
HP restored.
There is a large open door here.
You see here a +0 ring mail.
There is an open door here.
There is a stone staircase leading down here.
You fly downwards.
There is a stone staircase leading up here.
You reach down and open the door.
There is an open door here.
A deep troll comes into view.
A deep troll is nearby!
A deep troll is nearby!
A deep troll is nearby!
Casting: Iron Shot (dangerous; 9% risk of failure)
Confirm with . or Enter, or press ? or * to list all spells.
You conjure a globe of magical energy.
The stone arrow hits the deep troll!!
The deep troll is moderately wounded.
Your battlesphere fires!
The barrage of energy hits the deep troll!
The deep troll is heavily wounded.
The stone arrow hits the deep troll!!
The deep troll is almost dead.
Your battlesphere fires!
The barrage of energy hits the deep troll.
The deep troll is almost dead.
A deep troll comes into view.
The stone arrow hits the deep troll!
You kill the deep troll!
Your battlesphere fires!
The barrage of energy hits the deep troll!
The deep troll is lightly wounded.
The stone arrow hits the deep troll!
The deep troll is heavily wounded.
Your battlesphere fires!
The barrage of energy hits the deep troll!!
The deep troll is almost dead.
The stone arrow hits the deep troll!!
You kill the deep troll!
You can't see any susceptible monsters within range! (Use Z to cast anyway.) Magic restored.
You swap places.
You now have 7517 gold pieces (gained 9).
You now have 7526 gold pieces (gained 9).
You reach down and open the door.
Found a stone staircase leading down.
There is an open door here.
You swap places.
Your battlesphere wavers and loses cohesion.
There is an open door here.
A vault sentinel comes into view. It is wielding a +0 long sword.
A vault sentinel is nearby!
You rampage towards the vault sentinel!
A great orb of eyes comes into view.
You rampage towards the vault sentinel!
The helpless vault sentinel fails to defend itself.
You stick the vault sentinel like a pincushion!!!!!
You kill the vault sentinel!
You rampage towards the great orb of eyes!
You rampage towards the great orb of eyes!
The helpless great orb of eyes fails to defend itself.
You skewer the great orb of eyes like a kebab!!!!!
You kill the great orb of eyes!
You now have 7542 gold pieces (gained 16).
You now have 7548 gold pieces (gained 6).
Things that are here:
a +0 long sword; a +0 arbalest; a +0 ring mail You reach down and open the door.
A lindwurm comes into view.
A lindwurm is nearby!
A lindwurm is nearby!
A lindwurm is nearby! 2 lindwurms come into view.
There is an open door here.
You rampage towards the lindwurm!
The helpless lindwurm fails to defend itself.
You skewer the lindwurm like a kebab!!!!!
You kill the lindwurm!
You see here 17 gold pieces.
The helpless lindwurm fails to defend itself.
You spit the lindwurm like a pig!!!!!
You kill the lindwurm!
You rampage towards the lindwurm!
The helpless lindwurm fails to defend itself.
You perforate the lindwurm like a sieve!!!!!
You kill the lindwurm!
You now have 7565 gold pieces (gained 17).
You now have 7578 gold pieces (gained 13).
You now have 7593 gold pieces (gained 15).
You reach down and open the door.
Found a scroll of identify.
There is an open door here.
There is an open door here.
Found a scroll of identify.
There is a shaft here.
You reach down and open the door.
There is an open door here.
You see here a staff of death.
There is an open door here.
You reach down and open the door. 2 orc knights come into view.
An orc knight is wielding a +0 battleaxe and wearing a +0 chain mail of poison resistance.
An orc knight is wielding a +0 battleaxe of venom.
There is an open door here.
There are monsters nearby!
There are monsters nearby!
You rampage towards the orc knight!
An orc warlord comes into view. It is wielding a +1 halberd.
The orc knight hits you with a +0 battleaxe of venom!
The orc knight shouts!
The orc knight attacks as you move away!
The orc knight misses you.
You hear a shout!
The orc knight roars a battlecry!
The orc knight goes into a battle-frenzy!
The orc knight hits you with a +0 battleaxe of venom!!
Your corrosive artefact corrodes you!
The orc knight attacks as you move away!
You block the orc knight's attack.
There is an open door here.
The orc knight roars a battlecry!
Casting: Stone Arrow (safe; 1% risk of failure)
Confirm with . or Enter, or press ? or * to list all spells.
You conjure a globe of magical energy.
You block the orc knight's attack.
Casting: Iskenderun's Battlesphere (mildly dangerous; 1% risk of failure)
Confirm with . or Enter, or press ? or * to list all spells.
Aiming: Iron Shot (dangerous; 8% risk of failure)
Press: ? - help, Shift-Dir - straight line, f - orc knight
Aim: an orc knight, wielding a +0 battleaxe and wearing a +0 chain mail of poison resistance (strong, 71% to hit)
The iron shot hits the orc knight!!
The orc knight is heavily wounded.
Your battlesphere fires!
The barrage of energy hits the orc knight.
The orc knight is heavily wounded.
The orc knight barely misses you.
Casting: Iron Shot (dangerous; 8% risk of failure)
Confirm with . or Enter, or press ? or * to list all spells.
Aiming: Iron Shot (dangerous; 8% risk of failure)
Press: ? - help, Shift-Dir - straight line, f/p - orc knight
Aim: an orc knight, wielding a +0 battleaxe and wearing a +0 chain mail of poison resistance (heavily wounded, strong, ally target, 71% to hit)
The iron shot hits the orc knight!!
The orc knight is almost dead.
Your battlesphere fires!
The barrage of energy hits the orc knight.
The orc knight is lightly wounded.
The orc knight roars a battlecry!
The orc knight goes into a battle-frenzy!
The orc warlord hits you from afar with a +1 halberd!
The orc knight misses you.
Casting: Iron Shot (dangerous; 8% risk of failure)
Confirm with . or Enter, or press ? or * to list all spells.
Aiming: Iron Shot (dangerous; 8% risk of failure)
Press: ? - help, Shift-Dir - straight line, f/p - orc knight
Aim: an orc knight, wielding a +0 battleaxe and wearing a +0 chain mail of poison resistance (almost dead, strong, 71% to hit)
The iron shot hits the orc knight!!
You kill the orc knight!
Your battlesphere fires!
The barrage of energy hits the orc warlord!!
The orc warlord is lightly wounded.
You block the orc knight's attack.
The orc warlord hits you from afar with a +1 halberd!!!
* * * LOW HITPOINT WARNING * * *
Casting: Iron Shot (dangerous; 8% risk of failure)
Confirm with . or Enter, or press ? or * to list all spells.
You blink.
You are no longer corroded.
The orc knight hits your battlesphere with a +0 battleaxe of venom!
You feel stable enough to blink again. You block the orc warlord's attack.
There is an open door here.
The orc knight suddenly yells.
The orc knight attacks as you move away!
You block the orc knight's attack.
The orc knight hits your battlesphere with a +0 battleaxe of venom!
Your battlesphere is destroyed!
There is a stone staircase leading up here.
You block the orc warlord's attack. You block the orc knight's attack.
You fly upwards.
Level annotation: 3 runed translucent doors, Tang's ghost, master DsGl
There is a stone staircase leading down here.
Casting: Blink (safe; 4% risk of failure)
Confirm with . or Enter, or press ? or * to list all spells.
You blink.
Casting: Blink (safe; 4% risk of failure)
Confirm with . or Enter, or press ? or * to list all spells.
Aiming: Iron Shot (dangerous; 8% risk of failure)
Press: ? - help, Shift-Dir - straight line, f - orc knight
Aim: an orc knight, wielding a +0 battleaxe of venom and wearing a +0 plate armour (strong, 74% to hit)
The iron shot hits the orc knight!!!
The orc knight is heavily wounded.
You feel stable enough to blink again.
Casting: Iron Shot (dangerous; 8% risk of failure)
Confirm with . or Enter, or press ? or * to list all spells.
Aiming: Iron Shot (dangerous; 8% risk of failure)
Press: ? - help, Shift-Dir - straight line, f/p - orc knight
Aim: an orc knight, wielding a +0 battleaxe of venom and wearing a +0 plate armour (heavily wounded, strong, 74% to hit)
The iron shot hits the orc knight!!
You kill the orc knight!
* * * LOW MAGIC WARNING * * *
Your Evocations skill increases to level 12!
You now have 7601 gold pieces (gained 8).
Things that are here:
a +0 battleaxe of venom; a +0 plate armour You start resting.
Magic restored.
You start resting.
HP restored.
There is a stone staircase leading down here.
You fly downwards.
There is a stone staircase leading up here.
Casting: Iron Shot (dangerous; 8% risk of failure)
Confirm with . or Enter, or press ? or * to list all spells.
You blink.
An orc warlord is nearby!
An orc warlord is nearby!
An orc warlord is nearby!
Casting: Blink (safe; 4% risk of failure)
Confirm with . or Enter, or press ? or * to list all spells.
You conjure a globe of magical energy.
The stone arrow hits the orc warlord!
The orc warlord is lightly wounded.
You feel stable enough to blink again.
Your battlesphere fires!
The barrage of energy hits the orc warlord!
The orc warlord is lightly wounded.
The orc warlord hits you from afar with a +1 halberd!
Casting: Stone Arrow (safe; 1% risk of failure)
Confirm with . or Enter, or press ? or * to list all spells.
Aiming: Iron Shot (dangerous; 8% risk of failure)
Press: ? - help, Shift-Dir - straight line, f/p - orc warlord
Aim: an orc warlord, wielding a +1 halberd and wearing a +0 chain mail (lightly wounded, ally target, 81% to hit)
The iron shot hits the orc warlord!!!
The orc warlord is heavily wounded.
Your battlesphere fires!
The barrage of energy hits the orc warlord but does no damage.
The orc warlord is heavily wounded.
The orc warlord hits you from afar with a +1 halberd.
Casting: Iron Shot (dangerous; 8% risk of failure)
Confirm with . or Enter, or press ? or * to list all spells.
Aiming: Iron Shot (dangerous; 8% risk of failure)
Press: ? - help, Shift-Dir - straight line, f/p - orc warlord
Aim: an orc warlord, wielding a +1 halberd and wearing a +0 chain mail (heavily wounded, ally target, 81% to hit)
The iron shot hits the orc warlord!!!
The orc warlord is almost dead.
Your battlesphere fires!
The barrage of energy hits the orc warlord.
The orc warlord is almost dead.
You block the orc warlord's attack.
The stone arrow hits the orc warlord.
The orc warlord is almost dead.
Your battlesphere fires!
The barrage of energy hits the orc warlord!
The orc warlord is almost dead.
You block the orc warlord's attack.
The stone arrow hits the orc warlord!!
You kill the orc warlord!
An ironbound thunderhulk is nearby!
Casting: Stone Arrow (safe; 1% risk of failure)
Confirm with . or Enter, or press ? or * to list all spells.
Aiming: Iron Shot (dangerous; 8% risk of failure)
Press: ? - help, Shift-Dir - straight line, f - ironbound thunderhulk
Aim: an ironbound thunderhulk, wielding a +0 dire flail and wearing a +0 animal skin (81% to hit)
The iron shot hits the ironbound thunderhulk!!
The ironbound thunderhulk is moderately wounded.
Your battlesphere fires!
The barrage of energy hits the ironbound thunderhulk!
The ironbound thunderhulk is heavily wounded.
Strange energies crackle from the ironbound thunderhulk's apparatus.
The ironbound thunderhulk blinks!
The stone arrow misses the ironbound thunderhulk.
* * * LOW MAGIC WARNING * * *
Your battlesphere fires!
The barrage of energy hits the ironbound thunderhulk!
The ironbound thunderhulk is heavily wounded.
Electricity crackles from the ironbound thunderhulk's apparatus.
The bolt of lightning misses you.
The stone arrow hits the ironbound thunderhulk!
The ironbound thunderhulk is heavily wounded.
* * * LOW MAGIC WARNING * * *
Your battlesphere fires!
The barrage of energy hits the ironbound thunderhulk!
The ironbound thunderhulk is severely wounded.
The stone arrow hits the ironbound thunderhulk!
The ironbound thunderhulk is almost dead.
* * * LOW MAGIC WARNING * * *
Your battlesphere fires!
The barrage of energy hits the ironbound thunderhulk.
The ironbound thunderhulk is almost dead.
You don't have enough magic to cast this spell.
Casting: Stone Arrow (safe; 1% risk of failure)
Confirm with . or Enter, or press ? or * to list all spells.
You don't have enough magic to cast this spell.
Unknown command.
You swap places.
Electricity crackles from the ironbound thunderhulk's apparatus.
The bolt of lightning misses you.
Casting: Stone Arrow (safe; 1% risk of failure)
Confirm with . or Enter, or press ? or * to list all spells.
Aiming: Stone Arrow (safe; 1% risk of failure)
Press: ? - help, Shift-Dir - straight line, f/p - ironbound thunderhulk
Aim: an ironbound thunderhulk, wielding a +0 dire flail and wearing a +0 animal skin (almost dead, ally target, 84% to hit)
The stone arrow hits the ironbound thunderhulk!!
You kill the ironbound thunderhulk!
* * * LOW MAGIC WARNING * * *
There is a stone staircase leading up here.
HP restored.
Your battlesphere wavers and loses cohesion.
Magic restored.
You now have 7608 gold pieces (gained 7).
Things that are here:
a +1 halberd; a +0 chain mail You now have 7623 gold pieces (gained 15).
Things that are here:
a +0 dire flail; a +0 animal skin
There is an open door, spattered with blood here.
You now have 7629 gold pieces (gained 6).
Things that are here:
a +0 chain mail of poison resistance; a +0 battleaxe You reach down and open the door.
There is an open door here.
There is an open door here.
An ironbound preserver comes into view. It is wielding a +0 dire flail.
You rampage towards the ironbound preserver!
A deep troll comes into view.
You rampage towards the ironbound preserver!
The helpless ironbound preserver fails to defend itself.
You stick the ironbound preserver like a pincushion!!!!!
You kill the ironbound preserver!
You rampage towards the deep troll!
A deep troll comes into view.
The helpless deep troll fails to defend itself.
You spit the deep troll like a pig!!!!!
You kill the deep troll!
An ironbound preserver comes into view. It is wielding a +0 flail.
The deep troll shouts!
You hear a shout!
A deep troll comes into view. x2
The deep troll shouts! x2
You see here 13 gold pieces.
Casting: Stone Arrow (safe; 1% risk of failure)
Confirm with . or Enter, or press ? or * to list all spells.
You conjure a globe of magical energy.
Casting: Iskenderun's Battlesphere (mildly dangerous; 1% risk of failure)
Confirm with . or Enter, or press ? or * to list all spells.
Aiming: Iron Shot (dangerous; 8% risk of failure)
Press: ? - help, Shift-Dir - straight line, f - deep troll
Aim: a deep troll (74% to hit)
The iron shot hits the deep troll!!
The deep troll is heavily wounded.
Your battlesphere fires!
The barrage of energy hits the ironbound preserver!
The ironbound preserver is lightly wounded.
The deep troll completely misses you. The deep troll claws you.
The deep troll completely misses you. The deep troll bites you!
You block the deep troll's attack. The deep troll misses you.
Casting: Iron Shot (dangerous; 8% risk of failure)
Confirm with . or Enter, or press ? or * to list all spells.
Aiming: Iron Shot (dangerous; 8% risk of failure)
Press: ? - help, Shift-Dir - straight line, f/p - deep troll
Aim: a deep troll (heavily wounded, 74% to hit)
The iron shot hits the deep troll!!
You kill the deep troll!
You hear a shout!
Your battlesphere fires!
The barrage of energy hits the deep troll!!
The deep troll is heavily wounded.
The deep troll bites your battlesphere. The deep troll claws your battlesphere.
The deep troll claws your battlesphere!
Your battlesphere is destroyed!
The ironbound preserver gestures wildly while chanting.
The ironbound preserver begins to accept its allies' injuries.
The ironbound preserver attacks as you move away!
The ironbound preserver hits you with a +0 flail!
Your corrosive artefact corrodes you!
Casting: Iron Shot (dangerous; 8% risk of failure)
Confirm with . or Enter, or press ? or * to list all spells.
Aiming: Iron Shot (dangerous; 8% risk of failure)
Press: ? - help, Shift-Dir - straight line, f - ironbound preserver
Aim: an ironbound preserver, wielding a +0 flail and wearing a +0 leather armour (lightly wounded, 88% to hit)
The iron shot hits the ironbound preserver!!
The ironbound preserver is moderately wounded.
The ironbound preserver casts a spell.
The ironbound preserver begins to accept its allies' injuries.
The deep troll attacks as you move away!
The deep troll misses you. The deep troll completely misses you.
You block the deep troll's attack.
The ironbound preserver is distracted by your dazzling golden aura.
Casting: Iron Shot (dangerous; 8% risk of failure)
Confirm with . or Enter, or press ? or * to list all spells.
Aiming: Iron Shot (dangerous; 8% risk of failure)
Press: ? - help, Shift-Dir - straight line, f/p - ironbound preserver
Aim: an ironbound preserver, wielding a +0 flail and wearing a +0 leather armour (moderately wounded, unaware, hasn't noticed you, 88% to hit)
The iron shot hits the deep troll!!!
The deep troll is severely wounded.
The ironbound preserver shouts!
You hear a shout!
You block the deep troll's attack. The deep troll misses you.
The deep troll barely misses you.
The deep troll attacks as you move away!
The deep troll closely misses you. You block the deep troll's attack.
The deep troll claws you.
The deep troll is distracted by your dazzling golden aura.
A deep troll comes into view.
Casting: Iron Shot (dangerous; 8% risk of failure)
Confirm with . or Enter, or press ? or * to list all spells.
Aiming: Iron Shot (dangerous; 8% risk of failure)
Press: ? - help, Shift-Dir - straight line, f - deep troll
Aim: a deep troll (sheltered from injuries, 74% to hit)
The iron shot misses the deep troll. x2
The deep troll shouts!
You hear a shout!
You block the deep troll's attack. The deep troll completely misses you.
The deep troll claws you!
Casting: Iron Shot (dangerous; 8% risk of failure)
Confirm with . or Enter, or press ? or * to list all spells.
Aiming: Iron Shot (dangerous; 8% risk of failure)
Press: ? - help, Shift-Dir - straight line, f/p - deep troll
Aim: a deep troll (sheltered from injuries, 74% to hit)
The iron shot misses the deep troll.
The iron shot hits the deep troll!!!
The deep troll is almost dead.
The deep troll is no longer distracted by gold.
* * * LOW MAGIC WARNING * * *
You block the deep troll's attack.
The deep troll claws you but does no damage.
The deep troll misses you.
The deep troll attacks as you move away!
The deep troll barely misses you. You block the deep troll's attack.
The deep troll completely misses you.
The deep troll attacks as you move away!
The deep troll misses you. The deep troll closely misses you.
The deep troll barely misses you.
The deep troll attacks as you move away!
The deep troll misses you. The deep troll claws you.
The deep troll closely misses you.
The deep troll is distracted by your dazzling golden aura.
The deep troll attacks as you move away!
The deep troll completely misses you. The deep troll barely misses you.
The deep troll completely misses you.
You are no longer corroded.
The deep troll attacks as you move away!
You block the deep troll's attack. x2; The deep troll misses you.
There is an open door here.
The deep troll attacks as you move away!
You block the deep troll's attack. The deep troll claws you!
The deep troll closely misses you.
There is a stone staircase leading up here.
Casting: Iron Shot (dangerous; 8% risk of failure)
Confirm with . or Enter, or press ? or * to list all spells.
Aiming: Iron Shot (dangerous; 8% risk of failure)
Press: ? - help, Shift-Dir - straight line, f/p - deep troll
Aim: a deep troll (74% to hit)
The iron shot hits the deep troll!!
You kill the deep troll!
* * * LOW MAGIC WARNING * * *
Your Shields skill increases to level 7!
Your Conjurations skill increases to level 15!
Your Earth Magic skill increases to level 15!
You fly upwards.
Level annotation: 3 runed translucent doors, Tang's ghost, master DsGl
There is a stone staircase leading down here.
You start resting.
Magic restored.
You start resting.
HP restored.
You fly downwards.
The ironbound preserver barely misses you.
You block the deep troll's attack. x2
The deep troll claws you but does no damage.
There is a stone staircase leading up, spattered with blood here.
The deep troll barely misses you. The deep troll claws you.
You block the deep troll's attack.
The ironbound preserver completely misses you.
You fly upwards.
Level annotation: 3 runed translucent doors, Tang's ghost, master DsGl
There is a stone staircase leading down here.
Casting: Iron Shot (dangerous; 8% risk of failure)
Confirm with . or Enter, or press ? or * to list all spells.
You blink.
Casting: Blink (safe; 4% risk of failure)
Confirm with . or Enter, or press ? or * to list all spells.
You conjure a globe of magical energy.
Casting: Iskenderun's Battlesphere (mildly dangerous; 1% risk of failure)
Confirm with . or Enter, or press ? or * to list all spells.
Aiming: Iron Shot (dangerous; 8% risk of failure)
Press: ? - help, Shift-Dir - straight line, f - deep troll
Aim: a deep troll (74% to hit)
The iron shot hits the deep troll!!
The deep troll is severely wounded.
Your battlesphere fires!
The barrage of energy hits the deep troll!
The deep troll is almost dead.
Casting: Iron Shot (dangerous; 8% risk of failure)
Confirm with . or Enter, or press ? or * to list all spells.
Aiming: Iron Shot (dangerous; 8% risk of failure)
Press: ? - help, Shift-Dir - straight line, f/p - deep troll
Aim: a deep troll (almost dead, 74% to hit)
The iron shot misses the deep troll.
The iron shot hits the ironbound preserver!!
The ironbound preserver is moderately wounded.
You feel stable enough to blink again.
Your battlesphere fires!
The barrage of energy hits the deep troll!
You kill the deep troll!
Casting: Iron Shot (dangerous; 8% risk of failure)
Confirm with . or Enter, or press ? or * to list all spells.
Aiming: Iron Shot (dangerous; 8% risk of failure)
Press: ? - help, Shift-Dir - straight line, f - ironbound preserver
Aim: an ironbound preserver, wielding a +0 flail and wearing a +0 leather armour (moderately wounded, ally target, 88% to hit)
The iron shot hits the ironbound preserver!!!
The ironbound preserver is severely wounded.
Your battlesphere fires!
The barrage of energy hits the ironbound preserver!!
The ironbound preserver is severely wounded.
The ironbound preserver casts a spell.
The ironbound preserver is healed somewhat.
Casting: Iron Shot (dangerous; 8% risk of failure)
Confirm with . or Enter, or press ? or * to list all spells.
Aiming: Iron Shot (dangerous; 8% risk of failure)
Press: ? - help, Shift-Dir - straight line, f/p - ironbound preserver
Aim: an ironbound preserver, wielding a +0 flail and wearing a +0 leather armour (severely wounded, ally target, 88% to hit)
The iron shot hits the ironbound preserver!!!
You kill the ironbound preserver!
* * * LOW MAGIC WARNING * * *
Magic restored.
You see here a +0 rapier.
You now have 7645 gold pieces (gained 16).
Things that are here:
a +0 flail; a +0 leather armour Your battlesphere wavers and loses cohesion.
There is an open door here.
Key pressed, stopping explore.
There is an open door here.
Things that are here:
a +0 robe; a +0 dagger
Things that are here:
a +0 scale mail; a +3 long sword of holy wrath
Things that are here:
a +0 ring mail; a +0 great mace
There is an open door here.
There is an open door here.
Things that are here:
a +0 ring mail; a +0 dire flail
There is an open door, spattered with blood here.
Things that are here:
a +0 leather armour; a +0 great mace
There is an open door here.
There is a large open door here.
There is an open door here.
Key pressed, stopping explore.
There is an open door here.
The eidolon gives a chilling moan. x3
Tang's ghost turns its malevolent gaze towards you.
Could not explore, unopened runed door.
(D) Dungeon (T) Temple (L) Lair (S) Swamp (P) Snake Pit (M) Slime Pits (O) Orcish Mines (E) Elven Halls (V) Vaults (U) Depths
Where to? (Enter - Vaults:1 @ (x,y), ? - help)
There is an open door here.
There is an open door here.
There is a large open door here.
There is an open door here.
There is a stone staircase leading down here.
You fly downwards.
The vault sentinel shouts!
The brown ugly thing gurgles horribly!
The ironbound convoker shouts!
The brown ugly thing gurgles horribly! x2
You block the war gargoyle's attack.
The brown ugly thing completely misses you.
The war gargoyle hits you with a +1 flail of venom!!
You are poisoned.
The vault sentinel blows a loud note on a signal horn!
The crystal guardian fires a crystalline bolt at you.
The crystal bolt freezes you! You resist.
You hear a shout!
You hear a roar!
You hear a shout!
There is a stone staircase leading up, spattered with blood here.
You feel very sick. The war gargoyle completely misses you.
The brown ugly thing basks in the mutagenic energy from its kin and changes!
The vault sentinel blows a loud note on a signal horn!
The crystal guardian fires a crystalline bolt at you.
The crystal bolt misses you. You block the war gargoyle's attack.
The ironbound convoker hits you with a +0 mace.
You block the brown ugly thing's attack.
The brown ugly thing basks in the mutagenic energy from its kin and changes!
You fly upwards.
Level annotation: 3 runed translucent doors, Tang's ghost, master DsGl You feel very sick.
There is a stone staircase leading down here.
Casting: Iron Shot (dangerous; 8% risk of failure)
Confirm with . or Enter, or press ? or * to list all spells.
You blink.
You feel very sick. You block the war gargoyle's attack.
The ironbound convoker casts a spell at the brown ugly thing.
The brown ugly thing seems to grow stronger.
Casting: Blink (safe; 4% risk of failure)
Confirm with . or Enter, or press ? or * to list all spells.
You don't know that spell.
As you read the scroll of teleportation, it crumbles to dust.
You feel strangely unstable.
You feel sick.
The war gargoyle hits you with a +1 flail of venom.
The war gargoyle launches metal splinters at you.
The spray of metal splinters misses you.
The red ugly thing completely misses you.
You feel sick. You block the war gargoyle's attack.
The brown ugly thing basks in the mutagenic energy from its kin and changes!
The crystal guardian hits you!
* * * LOW HITPOINT WARNING * * *
The war gargoyle attacks as you move away!
The war gargoyle hits you with a +1 flail of venom!!
* * * LOW HITPOINT WARNING * * *
You feel stable enough to blink again.
You feel sick.
The crystal guardian fires a crystalline bolt at you.
The crystal bolt misses you.
The ironbound convoker begins to recite a word of recall!
The war gargoyle attacks as you move away!
The war gargoyle hits you with a +1 flail of venom!!
You die...
Your body crumbles into a pile of gold.

....######.[..####
###### .....# #......#
###### ###'########
#.........#
#...[.....#
#.........#
#....>p...########
#..u..9...#......#
#....u9@..'(.....#
###########......#
#......# #......#
#......#######
#......#...... ####
#......'...... #..#
#......'.[###.
####..##########..#...


You could see 2 ugly things, a crystal guardian, a war gargoyle and an ironbound
convoker (chanting recall).

Vanquished Creatures
  Jorgrun (D:13)
  A quicksilver dragon (Snake:4)
  2 thorn hunters
  Donald (Snake:1)
  A fenstrider witch (Swamp:4)
  8 nagarajas (Snake:4)
  An orc warlord (Vaults:2)
  2 imperial myrmidons (Desolation)
  Aizul (Snake:1)
  A war gargoyle (Vaults:2)
  A very ugly thing (Vaults:1)
  2 ironbound thunderhulks
  Azrael (Lair:3)
  5 ironbound preservers
  4 bunyips
  3 eleionomae
  2 dire elephants (Swamp:1)
  5 crystal guardians (Desolation)
  Snorg (Lair:5)
  An ettin (Orc:1)
  3 fire dragons
  6 ragged hierophants (Desolation)
  2 great orbs of eyes (Vaults:2)
  2 yaktaur captains (Vaults:1)
  A vault guard (D:13)
  2 boulder beetles (Lair:1)
  9 peacekeepers
  An ogre mage (D:13)
  4 salamander tyrants
  A ghost crab (Swamp:2)
  2 servants of whispers (Desolation)
  19 hydras
  2 catoblepae
  An ironbound frostheart (Vaults:1)
  6 anacondas
  11 centaur warriors
  7 naga warriors
  9 two-headed ogres
  7 alligators
  3 death yaks
  An alligator snapping turtle (Snake:1)
  An orc high priest (Orc:2)
  A tengu warrior (D:15)
  3 naga sharpshooters
  6 shock serpents
  A deep elf knight (Swamp:1)
  2 salamander mystics
  20 deep trolls
  6 goliath frogs
  6 bog bodies
  5 naga ritualists
  2 spriggan druids
  A deep elf archer (Swamp:1)
  6 ironbound convokers
  8 lindwurms
  6 wizards
  8 swamp dragons
  Pikel (D:8)
  2 orc knights
  2 deep elf pyromancers (D:15)
  A necromancer (Vaults:1)
  14 mana vipers
  2 oklob plants
  26 ugly things
  5 orc sorcerers
  2 manticores (D:12)
  4 will-o-the-wisps
  5 cyclopes
  A wolf spider (Lair:5)
  A tengu skeleton (Vaults:1)
  13 salamanders
  19 elephants
  5 guardian serpents
  3 ice statues (IceCv)
  9 naga magi
  2 vault sentinels
  32 black mambas
  Joseph (D:8)
  2 torpor snails (Lair:1)
  2 molten gargoyles (Desolation)
  3 gargoyles
  16 cane toads
  An efreet (D:14)
  6 rime drakes
  10 komodo dragons
  2 kobold demonologists (D:10)
  An unseen horror (D:11)
  2 freezing wraiths
  An anaconda simulacrum (IceCv)
  Maggie (D:10)
  6 yaktaurs (Vaults:1)
  A komodo dragon (shapeshifter) (D:13)
  3 polar bears
  10 trolls
  4 bloated husks
  6 hornets
  A burning bush (Lair:1)
  4 tyrant leeches
  A raiju (shapeshifter) (D:15)
  34 saltlings (Desolation)
  A raiju (Swamp:1)
  Prince Ribbit (D:5)
  7 dream sheep (Lair:4)
  20 blink frogs
  10 slime creatures
  An ettin zombie (Vaults:1)
  A frost giant simulacrum (Vaults:1)
  2 snapping turtles (Snake:1)
  2 vampires
  A centaur simulacrum (D:15)
  3 spriggans
  A shadow (D:12)
  6 wraiths
  16 wyverns
  A dire elephant simulacrum (IceCv)
  39 yaks
  3 fire elementals
  6 basilisks
  2 steam dragons
  10 humans (D:13)
  A redback (Lair:5)
  2 death yak simulacra
  12 vampire mosquitoes
  An acid dragon (D:10)
  2 wargs (Orc:1)
  8 swamp worms
  A harpy simulacrum (IceCv)
  29 nagas
  3 hell hounds (Snake:1)
  20 water moccasins
  30 orc warriors
  A black bear (D:6)
  5 swamp drakes (Swamp:4)
  6 ogres
  21 centaurs
  2 lemures
  3 wolves (Lair:4)
  A kobold brigand (D:6)
  A necrophage (D:5)
  11 bullfrogs
  A gnoll sergeant (D:10)
  3 scorpions
  20 wights
  5 killer bees
  6 howler monkeys
  4 hounds
  4 jellies
  2 quasits (D:8)
  2 iguanas
  17 orc priests
  19 orc wizards
  7 hell rats (Lair:3)
  2 polar bear simulacra (IceCv)
  4 wolf simulacra
  8 ogre zombies (D:12)
  11 gnolls
  12 adders
  4 white imps
  5 ufetubi
  3 worms
  2 dart slugs
  82 orcs
  4 ball pythons
  2 endoplasms
  3 giant cockroaches
  13 goblins
  5 hobgoblins
  2 jackals (D:1)
  2 quokkas
  7 bats
  2 frilled lizards
  A goblin skeleton (D:12)
  4 goblin zombies (D:12)
  A hobgoblin skeleton (D:12)
  3 hobgoblin zombies (D:12)
  19 kobolds
  3 orc skeletons (D:12)
  13 orc zombies (D:12)
  3 rats
1095 creatures vanquished.

Vanquished Creatures (others)
  A centaur warrior (D:14)
  A wizard (D:15)
  A black mamba (Snake:1)
  A bloated husk (Swamp:2)
  A human (D:13)
  An orc wizard (Orc:2)
  4 demonic plants (D:8)
  2 foxfires (Swamp:2)
  66 fungi
  3 pillars of salt (Desolation)
  121 plants
  4 toadstools (Swamp:2)
  A withered plant (Desolation)
207 creatures vanquished.

Grand Total: 1302 creatures vanquished

Notes
Turn   | Place    | Note
-------+----------+-------------------------------------------
     0 | D:1      | sleeves the Kobold Brigand began the quest for the Orb.
     0 | D:1      | Reached XP level 1. HP: 12/12 MP: 1/1
    53 | D:1      | Reached skill level 3 in Short Blades
   105 | D:1      | HP: 6/12 [kobold/+0 club (3)]
   111 | D:1      | Reached XP level 2. HP: 9/17 MP: 2/2
   114 | D:1      | HP: 8/17 [bat (1)]
   402 | D:1      | Reached skill level 6 in Stealth
   402 | D:1      | Reached XP level 3. HP: 21/21 MP: 3/3
   431 | D:1      | Found a faded altar of an unknown god.
  1581 | D:2      | Reached skill level 4 in Short Blades
  1743 | D:3      | Found a runed translucent door.
  2276 | D:3      | Reached XP level 4. HP: 26/26 MP: 4/4
  2324 | D:3      | HP: 12/26 [worm (10)]
  2988 | D:3      | Noticed Itachiuchiha's ghost (amateur DsIE)
  2989 | D:3      | HP: 13/26 [poisoned by an adder]
  3446 | D:4      | Reached XP level 5. HP: 27/30 MP: 5/5
  3448 | D:4      | Reached skill level 7 in Stealth
  3459 | D:4      | Reached skill level 5 in Short Blades
  3805 | D:4      | Reached XP level 6. HP: 35/35 MP: 6/6
  3878 | D:4      | Reached skill level 6 in Short Blades
  3878 | D:4      | Reached skill level 8 in Stealth
  4363 | D:4      | Found a runed translucent gate.
  4364 | D:4      | Found a runed translucent gate.
  4366 | D:4      | Found a runed translucent gate.
  4876 | D:5      | Entered Level 5 of the Dungeon
  4968 | D:5      | Noticed an ogre
  4990 | D:5      | Killed an ogre
  5053 | D:5      | Reached XP level 7. HP: 40/40 MP: 7/7
  5081 | D:5      | Found a white marble altar of Elyvilon.
  5081 | D:5      | Found an ornate altar of the Wu Jian Council.
  5135 | D:5      | Reached skill level 7 in Short Blades
  5277 | D:5      | Reached skill level 9 in Stealth
  5520 | D:5      | HP: 17/40 [centaur/arrow (7)]
  5527 | D:5      | HP: 14/40 [ufetubus (2)]
  5878 | D:5      | Reached skill level 8 in Short Blades
  5878 | D:5      | Reached skill level 10 in Stealth
  5878 | D:5      | Reached XP level 8. HP: 44/44 MP: 8/8
  5906 | D:5      | Noticed Prince Ribbit
  5917 | D:5      | Killed Prince Ribbit
  5918 | D:5      | Reached skill level 11 in Stealth
  6416 | D:5      | Found a blossoming altar of Fedhas.
  6625 | D:6      | Reached skill level 12 in Stealth
  6666 | D:6      | HP: 22/44 [poisoned by a killer bee]
  6671 | D:6      | HP: 14/44 [poisoned by a killer bee]
  6676 | D:6      | HP: 9/44 [poisoned by a killer bee]
  7294 | D:6      | Reached skill level 13 in Stealth
  7294 | D:6      | Reached XP level 9. HP: 49/49 MP: 9/9
  7298 | D:6      | Found a sacrificial altar of Ru.
  7369 | D:6      | Reached skill level 2 in Dodging
  7596 | D:6      | Identified the amulet "Tetwatuotti" {Spirit rPois rCorr
                  | Int+2 Slay-6}
  7695 | D:6      | Found a stormy altar of Qazlal.
  7716 | D:6      | Reached skill level 3 in Fighting
  7962 | D:7      | Found a staircase to the Ecumenical Temple.
  7968 | Temple   | Entered the Ecumenical Temple
  8148 | Temple   | Became a worshipper of Gozag Ym Sagoz the Greedy
  8424 | D:7      | Found a hide-covered altar of Uskayaw.
  8426 | D:7      | Found a broken altar of Ashenzari.
  8452 | D:7      | Found a basalt altar of Yredelemnul.
  8481 | D:8      | Reached skill level 3 in Dodging
  8481 | D:8      | Noticed Joseph
  8707 | D:8      | Found a hazy altar of Hepliaklqana.
  8776 | D:8      | HP: 24/52 [white imp/puff of frost (5)]
  9059 | D:8      | HP: 22/52 [something/ball of steam (11)]
  9067 | D:8      | HP: 21/52 [steam dragon (2)]
  9071 | D:8      | Reached skill level 4 in Fighting
  9071 | D:8      | Reached skill level 9 in Short Blades
  9071 | D:8      | HP: 8/52 [something (9)]
  9139 | D:8      | HP: 18/52 [gnoll/+0 spear (1)]
  9378 | D:8      | Reached skill level 4 in Dodging
  9446 | D:8      | HP: 20/52 [orc warrior/+0 short sword (12)]
  9449 | D:8      | HP: 9/52 [orc warrior/+0 short sword (6)]
  9882 | D:8      | Noticed Pikel
 10006 | D:8      | Killed Pikel
 10007 | D:8      | Reached skill level 14 in Stealth
 10007 | D:8      | Reached XP level 10. HP: 36/58 MP: 10/10
 10275 | D:8      | Reached skill level 5 in Fighting
 10275 | D:8      | Reached skill level 5 in Dodging
 10417 | D:8      | Learned a level 3 spell: Stone Arrow
 10921 | D:9      | Reached skill level 1 in Spellcasting
 10921 | D:9      | Reached skill level 1 in Conjurations
 10921 | D:9      | Reached skill level 1 in Earth Magic
 11046 | D:9      | Noticed a cyclops
 11050 | D:9      | Killed a cyclops
 11051 | D:9      | Reached skill level 10 in Short Blades
 11051 | D:9      | Reached skill level 2 in Spellcasting
 11051 | D:9      | Reached skill level 2 in Conjurations
 11051 | D:9      | Reached skill level 2 in Earth Magic
 11389 | D:9      | Noticed a two-headed ogre
 11414 | D:9      | HP: 27/59 [two-headed ogre/+0 giant spiked club (10)]
 11417 | D:9      | Killed a two-headed ogre
 11418 | D:9      | Reached skill level 3 in Conjurations
 11883 | D:8      | Reached skill level 3 in Spellcasting
 11883 | D:8      | Reached skill level 3 in Earth Magic
 12157 | D:7      | Learned a level 2 spell: Passwall
 12332 | D:7      | Found a bloodstained altar of Trog.
 13031 | D:9      | Reached skill level 15 in Stealth
 13163 | D:10     | Entered Level 10 of the Dungeon
 13215 | D:10     | Noticed a two-headed ogre
 13584 | D:10     | HP: 29/59 [two-headed ogre/+0 giant club (19)]
 13598 | D:10     | Killed a two-headed ogre
 13599 | D:10     | Reached skill level 4 in Spellcasting
 13599 | D:10     | Reached skill level 4 in Conjurations
 13599 | D:10     | Reached skill level 4 in Earth Magic
 13599 | D:10     | Reached XP level 11. HP: 34/63 MP: 8/17
 13914 | D:10     | Reached skill level 5 in Conjurations
 13989 | D:10     | Noticed a two-headed ogre
 13992 | D:10     | Killed a two-headed ogre
 13993 | D:10     | Reached skill level 5 in Spellcasting
 13993 | D:10     | Reached skill level 5 in Earth Magic
 14155 | D:10     | Found a staircase to the Lair.
 14269 | D:10     | Found a transporter.
 14278 | D:10     | Found a transporter.
 14297 | D:10     | Noticed a skeletal warrior
 14305 | D:10     | Noticed a toenail golem
 14350 | D:10     | Noticed Maggie
 14354 | D:10     | Killed Maggie
 14412 | D:10     | Reached skill level 16 in Stealth
 15337 | D:11     | Identified the +0 pair of boots of the Eagle {rF+}
 15415 | D:11     | Noticed a two-headed ogre
 15419 | D:11     | Killed a two-headed ogre
 15420 | D:11     | Reached skill level 1 in Shields
 15420 | D:11     | Reached skill level 6 in Conjurations
 15593 | D:10     | Reached skill level 6 in Earth Magic
 15593 | D:10     | Reached XP level 12. HP: 46/68 MP: 9/20
 15707 | D:11     | Reached skill level 6 in Spellcasting
 16004 | D:11     | Reached skill level 2 in Shields
 16302 | D:11     | HP: 32/68 [something (6)]
 16312 | D:11     | HP: 18/68 [something (7)]
 17235 | D:12     | Reached skill level 7 in Conjurations
 17303 | D:12     | Noticed a sixfirhy
 17306 | D:12     | HP: 28/68 [sixfirhy[an orc sorcerer] (11)]
 17308 | D:12     | Reached skill level 3 in Shields
 17314 | D:12     | HP: 16/68 [manticore/volley of spikes (13)]
 17885 | D:8      | Reached skill level 17 in Stealth
 17885 | D:8      | Reached skill level 7 in Earth Magic
 18070 | D:8      | Killed Joseph
 18822 | D:12     | Found a staircase to the Orcish Mines.
 19245 | D:12     | You fall into a shaft and drop 2 floors!
 19320 | D:14     | Noticed a centaur warrior
 19322 | D:14     | Killed a centaur warrior
 19354 | D:14     | HP: 30/68 [cyclops/large rock (17)]
 19360 | D:14     | Noticed a fire dragon
 19361 | D:14     | HP: 29/68 [cyclops (2)]
 19569 | D:14     | Noticed a five-headed hydra
 19649 | D:13     | Noticed a catoblepas
 19709 | D:13     | Noticed a two-headed ogre
 19710 | D:13     | Noticed an ogre mage
 19711 | D:13     | Killed a two-headed ogre
 19712 | D:13     | Reached skill level 4 in Shields
 19726 | D:13     | Noticed Jorgrun
 19776 | D:13     | Killed a catoblepas
 19781 | D:13     | Reached skill level 8 in Conjurations
 19781 | D:13     | Reached XP level 13. HP: 72/72 MP: 22/22
 19806 | D:13     | Found a portal to a secret trove of treasure.
 19934 | D:13     | Noticed a centaur warrior
 19954 | D:13     | Killed a centaur warrior
 19955 | D:13     | Reached skill level 8 in Earth Magic
 20838 | D:13     | HP: 22/72 [slime creature (15)]
 21202 | D:13     | Noticed a centaur warrior
 21215 | D:13     | Killed a centaur warrior
 21216 | D:13     | Reached skill level 18 in Stealth
 21227 | D:13     | Reached skill level 5 in Shields
 21634 | D:13     | Noticed a vault guard
 21661 | D:13     | Killed a vault guard
 21662 | D:13     | Reached skill level 9 in Conjurations
 21697 | D:13     | Reached skill level 9 in Earth Magic
 21917 | D:13     | Identified the +1 glaive "Amiotz" {chaos, *Rage rF+++ SInv
                  | Stlth+}
 22066 | D:13     | Found a gate to the Vaults.
 22152 | D:13     | Killed an ogre mage
 22165 | D:13     | HP: 32/72 [two-headed ogre/+0 giant club (8)]
 22470 | D:13     | Killed Jorgrun
 22474 | D:13     | Reached skill level 10 in Conjurations
 22612 | Lair:1   | Entered Level 1 of the Lair of Beasts
 22680 | Lair:1   | Reached skill level 10 in Earth Magic
 22811 | Lair:1   | HP: 36/72 [poisoned by a water moccasin]
 22816 | Lair:1   | HP: 32/72 [poisoned by a water moccasin]
 23527 | Lair:1   | Noticed a boulder beetle
 23532 | Lair:1   | Killed a boulder beetle
 23533 | Lair:1   | Reached skill level 1 in Armour
 23629 | Lair:1   | Reached XP level 14. HP: 43/78 MP: 10/23
 24825 | Lair:2   | Reached skill level 2 in Armour
 24825 | Lair:2   | Reached skill level 6 in Dodging
 24990 | Lair:2   | Reached skill level 6 in Fighting
 25644 | Lair:2   | Found a staircase to the Swamp.
 25651 | Lair:2   | Reached skill level 7 in Spellcasting
 25818 | Lair:2   | Reached skill level 3 in Armour
 26357 | Lair:2   | Reached skill level 7 in Dodging
 27150 | Lair:3   | Found a frozen archway.
 27237 | IceCv    | Entered an ice cave
 27436 | IceCv    | Reached skill level 7 in Fighting
 28374 | IceCv    | Identified the ring "Riculegru" {Fly rElec rPois rF+ Str+4}
 28717 | Lair:3   | Found a staircase to the Snake Pit.
 29258 | Lair:3   | Got Wucwyc's Lectures on the Injurious Mountains
 29404 | Lair:4   | Reached skill level 19 in Stealth
 30043 | Lair:4   | Reached skill level 4 in Armour
 30895 | Lair:3   | HP: 38/82 [elephant (13)]
 30901 | Lair:3   | Reached skill level 8 in Dodging
 30901 | Lair:3   | Reached skill level 8 in Spellcasting
 31118 | Lair:4   | Reached XP level 15. HP: 88/88 MP: 14/27
 31284 | Lair:4   | HP: 30/88 [rime drake/flash freeze (23)]
 31827 | Lair:4   | Reached skill level 8 in Fighting
 32201 | Lair:4   | Found a staircase to the Slime Pits.
 32202 | Lair:4   | Found a viscous altar of Jiyva.
 32286 | Lair:5   | Entered Level 5 of the Lair of Beasts
 32290 | Lair:5   | Noticed Snorg
 32309 | Lair:5   | Killed Snorg
 33229 | Lair:5   | Reached skill level 5 in Armour
 33360 | Lair:4   | Reached skill level 9 in Dodging
 34854 | Lair:5   | Reached skill level 9 in Spellcasting
 35099 | Lair:5   | Reached skill level 9 in Fighting
 35796 | Lair:5   | Reached skill level 20 in Stealth
 35797 | Lair:5   | HP: 42/90 [poisoned by a wolf spider]
 35802 | Lair:5   | HP: 33/90 [poisoned by a wolf spider]
 35807 | Lair:5   | HP: 29/90 [poisoned by a wolf spider]
 36388 | Lair:5   | Identified the +0 scale mail of the Onion {rElec rC+}
 36540 | Lair:5   | HP: 44/90 [elephant (14)]
 37619 | Orc:1    | Entered Level 1 of the Orcish Mines
 38333 | Orc:2    | Entered Level 2 of the Orcish Mines
 38566 | Orc:2    | Reached XP level 16. HP: 79/96 MP: 19/29
 38686 | Orc:2    | Reached skill level 10 in Dodging
 39520 | Orc:1    | HP: 33/96 [orc warlord/+1 war axe of freezing (28)]
 39965 | D:14     | Reached skill level 6 in Armour
 40498 | D:14     | Identified a scroll of acquirement
 40511 | D:14     | Acquired a +4 quick blade
 40814 | D:15     | Entered Level 15 of the Dungeon
 40928 | D:14     | HP: 48/96 [green ugly thing (10)]
 41871 | D:15     | Reached skill level 10 in Fighting
 42549 | D:15     | Found Luves's Antique Armour Emporium.
 42590 | D:15     | Bought a runed cloak for 277 gold pieces
 42601 | D:15     | Bought a glowing leather armour for 185 gold pieces
 42669 | D:15     | Found a blossoming altar of Fedhas.
 42677 | D:15     | Reached skill level 10 in Spellcasting
 42859 | D:15     | Acquired a book of the Spheres
 43194 | D:15     | Found a staircase to the Depths.
 43312 | D:15     | Learned a level 5 spell: Iskenderun's Battlesphere
 44238 | Orc:2    | Found a staircase to the Elven Halls.
 44402 | Orc:1    | Reached skill level 11 in Dodging
 44793 | Orc:2    | Found Xufi's Distillery.
 44927 | Orc:2    | Found Xoegai's Jewellery Emporium.
 45123 | Orc:2    | Reached skill level 7 in Armour
 45479 | Orc:2    | Noticed Saint Roka
 45639 | Orc:2    | HP: 45/93 [Saint Roka/divine providence (11)]
 45644 | Orc:2    | HP: 33/93 [Saint Roka/divine providence (13)]
 45646 | Orc:2    | HP: 2/93 [Saint Roka/divine providence (16)]
 46025 | Orc:2    | HP: 33/93 [Saint Roka/divine providence (15)]
 46296 | Orc:2    | Found Tyfoc's Antique Armour Shop.
 46296 | Orc:2    | Found Ypal's Antique Weapon Boutique.
 46354 | Orc:2    | Bought a glowing helmet for 210 gold pieces
 46354 | Orc:2    | Bought an embroidered cloak for 210 gold pieces
 46768 | Swamp:1  | Entered Level 1 of the Swamp
 46960 | Swamp:1  | Reached skill level 21 in Stealth
 47301 | Swamp:1  | Noticed a tentacled monstrosity
 47397 | Snake:1  | Entered Level 1 of the Snake Pit
 47411 | Snake:1  | Noticed Azrael
 47515 | Lair:3   | Killed Azrael
 48204 | Snake:1  | HP: 48/97 [poisoned by a black mamba]
 48209 | Snake:1  | HP: 44/97 [poisoned by a black mamba]
 48214 | Snake:1  | HP: 41/97 [poisoned by a black mamba]
 48220 | Snake:1  | HP: 40/97 [poisoned by a black mamba]
 48513 | Snake:1  | Noticed Donald
 48634 | D:10     | Bought a book of Iron for 468 gold pieces
 48643 | D:10     | Learned a level 6 spell: Iron Shot
 48768 | Snake:1  | Killed Donald
 49429 | Snake:1  | Reached XP level 17. HP: 87/102 MP: 14/31
 49613 | Snake:1  | HP: 51/102 [acid (7)]
 50160 | Snake:1  | Reached skill level 11 in Conjurations
 50343 | Snake:1  | Reached skill level 11 in Earth Magic
 50378 | Snake:1  | HP: 48/102 [alligator (10)]
 51094 | Snake:1  | Noticed Aizul
 51104 | Snake:1  | HP: 41/102 [Aizul (18)]
 51111 | Snake:1  | HP: 38/102 [poisoned by Aizul (poison arrow)]
 51115 | Snake:1  | Killed Aizul
 51116 | Snake:1  | HP: 37/102 [poisoned by Aizul (poison arrow)]
 51432 | Snake:2  | Reached skill level 1 in Evocations
 51980 | Snake:2  | Reached skill level 2 in Evocations
 52270 | Snake:2  | Learned a level 5 spell: Lee's Rapid Deconstruction
 52273 | Snake:2  | Learned a level 2 spell: Blink
 52572 | Snake:2  | Reached skill level 1 in Translocations
 52800 | Snake:3  | Reached skill level 3 in Evocations
 53273 | Snake:3  | Reached skill level 2 in Translocations
 53335 | Snake:3  | Found Byomeud's Magic Scroll Shoppe.
 53399 | Snake:3  | Bought a scroll of teleportation for 42 gold pieces
 53399 | Snake:3  | Bought a scroll of blinking for 105 gold pieces
 53811 | Snake:3  | Reached skill level 4 in Evocations
 54072 | Snake:3  | Reached skill level 12 in Conjurations
 54178 | Snake:3  | Reached skill level 12 in Earth Magic
 54429 | Snake:4  | Entered Level 4 of the Snake Pit
 54460 | Snake:3  | Reached skill level 3 in Translocations
 54668 | Snake:4  | Found Epugoeg's Assorted Antiques.
 54670 | Snake:4  | Bought a potion of curing for 84 gold pieces
 54670 | Snake:4  | Bought a scroll of enchant weapon for 210 gold pieces
 55252 | Snake:3  | Reached skill level 5 in Evocations
 55938 | Snake:4  | Found Cahegol's Armour Boutique.
 56146 | Snake:4  | Found Kimeezo's Neck Hole.
 56149 | Snake:4  | Bought the amulet of the Thistle {RegenMP Rampage *Corrode
                  | rF+ rC+} for 544 gold pieces
 56336 | Snake:4  | Found Isuabow's Assorted Antiques.
 56341 | Snake:4  | Bought a pair of embroidered gloves for 240 gold pieces
 56481 | Snake:4  | Reached skill level 4 in Translocations
 56540 | Snake:4  | Reached XP level 18. HP: 79/107 MP: 1/32
 56751 | Snake:4  | HP: 52/107 [poisoned by a nagaraja (splash of poison)]
 56756 | Snake:3  | HP: 47/107 [poisoned by a nagaraja (splash of poison)]
 57014 | Snake:4  | Reached skill level 6 in Evocations
 57258 | Snake:4  | Noticed a quicksilver dragon
 57505 | Snake:4  | HP: 47/107 [quicksilver dragon (14)]
 57505 | Snake:4  | HP: 12/107 [quicksilver dragon/bolt of dispelling energy
                  | (35)]
 57507 | Snake:4  | Killed a quicksilver dragon
 58175 | Snake:4  | Reached skill level 5 in Translocations
 58181 | Snake:4  | HP: 51/107 [poisoned by a nagaraja (bolt of poison)]
 58186 | Snake:4  | HP: 31/107 [poisoned by a nagaraja (bolt of poison)]
 58191 | Snake:4  | HP: 26/107 [poisoned by a nagaraja (bolt of poison)]
 58870 | Snake:4  | Reached skill level 7 in Evocations
 58903 | Snake:4  | Noticed a quicksilver dragon
 59054 | Lair:2   | HP: 50/107 [constriction (8)]
 59746 | Swamp:1  | Noticed Josephine
 60800 | Swamp:2  | Reached skill level 13 in Conjurations
 60800 | Swamp:2  | Reached skill level 13 in Earth Magic
 61036 | Swamp:2  | HP: 48/107 [spriggan rider/+0 spear (7)]
 61410 | Swamp:2  | Reached skill level 8 in Evocations
 61514 | Swamp:2  | You are sucked into a shaft and drop 1 floor!
 62257 | Swamp:4  | Entered Level 4 of the Swamp
 62640 | Swamp:4  | Reached skill level 9 in Evocations
 62695 | Swamp:4  | HP: 51/107 [spore (40)]
 63180 | Swamp:4  | Reached XP level 19. HP: 112/112 MP: 18/33
 63579 | Swamp:4  | Got a decaying rune of Zot
 63878 | Vaults:1 | Entered Level 1 of the Vaults
 63887 | Vaults:1 | Reached skill level 10 in Evocations
 63948 | Vaults:1 | Reached skill level 14 in Conjurations
 64034 | Vaults:1 | Reached skill level 14 in Earth Magic
 65341 | Vaults:1 | Reached skill level 8 in Armour
 65490 | Vaults:1 | HP: 49/112 [yaktaur/bolt[a yaktaur captain] (15)]
 66005 | Vaults:1 | Identified the +5 ring mail "Attunoas" {Str+2}
 66047 | Vaults:1 | Found a runed translucent gate.
 66047 | Vaults:1 | Found a runed translucent gate.
 66047 | Vaults:1 | Found a runed translucent gate.
 66230 | Vaults:1 | Reached skill level 11 in Evocations
 66304 | Vaults:1 | Noticed Tang's ghost (master DsGl)
 66400 | Vaults:2 | Reached skill level 6 in Shields
 66735 | Vaults:2 | Found a crumbling gateway.
 66747 | Desolati | Entered the Desolation of Salt
 66835 | Desolati | Identified the ring of Liusow {rC+ Will+}
 66855 | Desolati | Identified the +0 helmet "Mosorcha" {Str+9 Dex-2}
 66861 | Desolati | Identified the +6 dagger of Change {freeze, *Noise rF+ rN++
                  | Dex+3}
 67079 | Desolati | Identified the ring of Sloth {Will+ Str+4}
 67080 | Desolati | Identified the +2 troll leather armour of the Marlin {rN+++
                  | Regen+ Int-5 Dex-3 SInv}
 67184 | Desolati | Got the Monograph on the Impact
 67185 | Desolati | Identified the ring "Opseuf" {Int+6 Dex+2}
 67295 | Desolati | Reached XP level 20. HP: 88/117 MP: 17/34
 67833 | Desolati | Identified the ring of Dogma {Ice Str+7}
 67841 | Desolati | Got the Spellbook of Transformation and Battling
 68106 | Desolati | HP: 53/117 [saltling (10)]
 68964 | Vaults:2 | HP: 50/117 [deep troll[an ironbound preserver] (20)]
 69493 | Vaults:2 | HP: 43/117 [orc warlord/+1 halberd (38)]
 69509 | Vaults:1 | Reached skill level 12 in Evocations
 69905 | Vaults:2 | Reached skill level 7 in Shields
 69905 | Vaults:2 | Reached skill level 15 in Conjurations
 69905 | Vaults:2 | Reached skill level 15 in Earth Magic
 70237 | Vaults:1 | HP: 53/117 [crystal guardian[a peacekeeper] (12)]
 70238 | Vaults:1 | HP: 26/117 [poisoned by a war gargoyle]
 70239 | Vaults:1 | Slain by a war gargoyle

Illustrated notes

Levels and vault maps discovered:
D:1:      wheals_arrival_shading, layout_rooms,
          shapermc_ecumenical_altar_mp_vishouse, chequers_serial_rivers_micro_d
D:2:      layout_basic
D:3:      kennysheep_the_goblin_king, layout_loops_ring, ebering_ghost_sewer_d
D:4:      minmay_general_purpose_star, layout_loops_corners,
          gammafunk_ghost_cemetery
D:5:      layout_cave_pods, nicolae_overflow_hidden_temple,
          gammafunk_temple_overflow_statue, corexii_corridor_pit,
          uniq_prince_ribbit1
D:6:      layout_rooms, old_standard_altar, marbit_many_paths,
          corexii_leaking_fountain
D:7:      layout_loops_ring, old_standard_altar,
          chequers_temple_overflow_statue_of_worship,
          mainiacjoe_overflow_small_starburst,
          minmay_temple_entry_gardened_gates
D:8:      layout_loops_ring, amcnicky_altar_gilded, serial_demonic,
          serial_demonic_a, serial_demonic_b, serial_demonic_c,
          serial_demonic_b, uniq_joseph, uniq_pikel
D:9:      layout_gridville
D:10:     minmay_bubble_buster, layout_basic, david_lair_shrubbed,
          gammafunk_ghost_abyssal_escape, uniq_maggie
D:11:     layout_rooms
D:12:     layout_basic, zombieorc2_lemuel, grunt_tough_drop
D:13:     layout_rooms, ximxim_vaults_locker_room, enter_trove_2, uniq_jorgrun
D:14:     layout_basic, minivault_26
D:15:     grunt_enter_depths_hoard, layout_loops_ring, serial_shops,
          nicolae_shop_overgrown_old_shop, fedhas_altar_2, minivault_12
Temple:   nicolae_temple_godzebo
Lair:1:   layout_layer_cave, evilmike_ambush [evilmike_ambush_outer_basic,
          evilmike_ambush_inner_wall_1]
Lair:2:   layout_roguey, skrybe_swamp_entry_bodies, serial_bayou_shore_a
Lair:3:   dpeg_oklob_gauntlet, layout_regular_city, guppyfry_snake_entry_garden,
          portal_ice_cave_entry_ice_simulacra
Lair:4:   layout_misc_corridors, slime_entry_1
Lair:5:   hangedman_lair_tendril_chambers, layout_long_grid, uniq_snorg
Swamp:1:  layout_falls_marsh, evilmike_swamp_ruin_house_5, swamp_pool1,
          beargit_elvish_explorers, infiniplex_staircase_pool, uniq_josephine
Swamp:2:  cheibrodos_swamp_tower_of_moss, layout_falls_marsh,
          evilmike_swamp_ruin_house_6, infiniplex_staircase_pool_2
Swamp:3:  layout_falls_marsh, nicolae_swamp_triple_paths
Swamp:4:  swamp, layout_basic_swamp
Snake:1:  layout_rooms, nicolae_snake_herptile_family_reunion, uniq_aizul,
          uniq_azrael, uniq_donald
Snake:2:  layout_onion, drop_trap
Snake:3:  layout_onion, serial_shops, nicolae_shop_waterfront,
          grunt_ministairs_5, uniq_saint_roka
Snake:4:  hellmonk_snake_rune_quicksilver_temple, layout_onion_interference,
          serial_shops, nicolae_diamond_shop, shop, shop,
          nicolae_shop_sticking_my_neck_out
Orc:1:    layout_diamond_mine, serial_shops, nicolae_square_shop, basic_altar
Orc:2:    grunt_orc_community_town_hall, layout_diamond_mine,
          grunt_orc_community_big_house_2, grunt_orc_community_big_house_1,
          grunt_orc_community_house_1, grunt_orc_community_house_2,
          grunt_orc_community_house_3, grunt_orc_community_house_1,
          grunt_orc_community_house_1, uniq_erolcha
Vaults:1: gammafunk_ghost_spectres, nicolae_vaults_angled_halls, v_misc_16,
          v_alt_pattern_3, nicolae_vaults_little_squares_5,
          vaults_standard_mumra_lines, nicolae_vaults_shelves_hall,
          vaults_room_ringed_pool, hangedman_vaults_nails,
          nicolae_vaults_network_square, grunt_vaults_bifocal,
          layout_vaults_omnigrid
Vaults:2: portal_desolation_entry_twin_temple, hangedman_vaults_corner_blocks,
          ontoclasm_vaults_ring_small, vaults_room_stairs_pillars,
          vaults_dpeg_diagonal, vaults_dpeg_emergency_exit,
          vaults_standard_mumra_x, nicolae_vaults_alarming,
          ontoclasm_vaults_idyll, vaults_mumra_hex, hangedman_vaults_cutoff,
          vaults_room_stairs_pillars, layout_vaults_chaotic_city

Skill      XL: |  1  2  3  4  5  6  7  8  9 10 11 12 13 14 15 16 17 18 19 20 |
---------------+-------------------------------------------------------------+-----
Short Blades   | 3 4 5 6 8 9 10 | 10.0
Stealth        | 6 7 8 10 13 14 15 16 17 18 19 20 21 | 21.2
Dodging        | 4 5 8 9 11 | 11.2
Fighting       | 4 5 7 9 10 | 10.0
Spellcasting   | 4 5 6 8 9 10 | 10.0
Conjurations   | 4 6 8 10 12 13 14 15 | 15.0
Earth Magic    | 4 6 7 10 12 13 14 15 | 15.0
Shields        | 1 4 5 6 7 |  7.0
Armour         | 1 4 5 7 8 |  8.9
Evocations     | 5 9 11 12 | 12.1
Translocations | 4 5 |  5.0
Throwing       | |  2.1

Action                   |  1- 3 |  4- 6 |  7- 9 | 10-12 | 13-15 | 16-18 | 19-21 || total
-------------------------+-------+-------+-------+-------+-------+-------+-------++-------
Melee: Dagger            |    50 |   129 |   265 |   561 |  1027 |   672 |   113 ||  2817
       Punch             |     1 |       |     1 |     2 |       |       |       ||     4
       Short sword       |       |       |       |    19 |   101 |       |       ||   120
       Quick blade       |       |       |       |       |       |   167 |       ||   167
Throw: Dart              |     9 |    13 |    27 |    32 |     8 |    22 |       ||   111
       Throwing net      |       |       |     2 |       |       |     1 |       ||     3
 Cast: Stone Arrow       |       |       |       |   103 |   563 |   738 |   270 ||  1674
       Passwall          |       |       |       |       |     2 |       |       ||     2
       Iskenderun's Batt |       |       |       |       |       |    74 |    41 ||   115
       Iron Shot         |       |       |       |       |       |    30 |    41 ||    71
       Blink             |       |       |       |       |       |     5 |     8 ||    13
Invok: Call Merchant     |       |       |       |       |       |     4 |       ||     4
Evoke: Wand              |       |       |       |       |     7 |       |       ||     7
  Use: Scroll            |       |       |    14 |     8 |    10 |    12 |     3 ||    47
       Potion            |       |       |       |     1 |     2 |     3 |       ||     6
 Stab: Sleeping          |    18 |    16 |    18 |    46 |    44 |    61 |    57 ||   260
       Distracted        |       |       |     1 |     4 |     4 |     4 |       ||    13
       Invisible         |       |       |       |     1 |       |     2 |       ||     3
       Paralysed         |       |       |       |       |     2 |       |       ||     2
       Confused          |       |       |       |       |       |     1 |       ||     1
       Fleeing           |       |       |       |       |       |       |     1 ||     1
Armor: Robe              |     8 |    23 |    52 |   118 |   253 |   182 |    60 ||   696
Dodge: Dodged            |    46 |    59 |   141 |   254 |   790 |   626 |   205 ||  2121
Block: Buckler           |       |       |       |   111 |   392 |   386 |    54 ||   943
       Kite shield       |       |       |       |       |       |       |   130 ||   130
